AoeStats
← Zumoshi

Arena

507024078Analyzed
1v1 RM · 17d ago on Sep 16, 2026· 28m 16s· 2 players
Game mode
Random Map
Map size
Tiny (2 player)
Population
200
Speed
Normal
Resources
Standard
Victory
Conquest
Starting age
Dark Age
Ending age
Imperial Age
RankedLock teamsTeams togetherTeam positionsShared explorationLock speedFull tech treeHidden civsTurbo modeCheats
Victory
Defeat
🇵🇹 Teutons · Portugal
1134
+15
🇮🇱 Khmer · Israel
1118
-15
Zumoshi
10:22 Feudal Age
10:33 Feudal Age
10:47 Loom
16:08 Castle Age
17:46 Double-Bit Axe
22:10 Horse Collar
23:41 Pikeman
Tlitado
5:37 Loom
8:32 Feudal Age
9:14 Double-Bit Axe
10:35 Double-Bit Axe
23:36 Castle Age
22:37 Fletching
27:40 Horse Collar
Connection lost

Rejoining the realm…

Still unreachable

The connection could not be restored.

Session expired

The server has moved on; the page needs a fresh start.